Map: [ESL] Oceanborn

Players

Creator - Winner!

  • Race: Protoss Protoss
  • Spawn Location: 11:00

TYTY

  • Race: Terran Terran
  • Spawn Location: 5:00

VOD

Have the link to the VOD?

Description

Time

  • Played on: May 2, 2024, 7:12 a.m.
  • Length: 12:51
Show
View Real Time Build Order
Export as new Build Order

Creator Protoss - Winner!

Build Orders: 1 Gate Expand, Blink Stalkers, Chargelot Immortal 

Get SALT Encoding   

  12  0:00  Probe  
  13  0:12  Probe  
  14  0:17  Pylon  
  14  0:24  Probe (Chrono Boost)  
  16  0:36  Gateway, Probe (Chrono Boost)  
  16  0:43  Probe (Chrono Boost)  
  16  0:45  Assimilator  
  17  0:51  Probe  
  18  1:03  Probe  
  19  1:15  Probe  
  20  1:24  Cybernetics Core  
  20  1:32  Nexus  
  20  1:38  Pylon  
  20  1:40  Probe  
  21  1:47  Assimilator  
  21  1:52  Probe  
  22  1:58  Adept (Chrono Boost)  
  22  2:00  Warp Gate  
  24  2:04  Probe  
  25  2:17  Probe (Chrono Boost)  
  25  2:20  Adept  
  28  2:29  Probe (Chrono Boost)  
  29  2:31  Twilight Council  
  29  2:34  Probe (Chrono Boost)  
  31  2:45  Probe (Chrono Boost)  
  31  2:48  Probe (Chrono Boost)  
  31  2:50  Stalker  
  34  2:54  Probe (Chrono Boost)  
  34  2:57  Probe (Chrono Boost)  
  36  2:59  Probe (Chrono Boost)  
  36  3:01  Blink (Chrono Boost)  
  37  3:07  Probe  
  37  3:11  Probe  
  39  3:16  Gateway  
  39  3:19  Gateway  
  39  3:21  Probe  
  39  3:23  Probe  
  41  3:28  Robotics Facility  
  41  3:34  Probe  
  42  3:37  Probe  
  42  3:40  Pylon  
  43  3:41  Pylon  
  43  3:46  Probe  
  44  3:48  Stalker  
  44  3:54  Assimilator  
  46  3:56  Assimilator, Pylon  
  46  3:58  Probe  
  46  4:00  Probe  
  48  4:11  Stalker x2  
  48  4:15  Warp Prism  
  54  4:17  Stalker  
  54  4:20  Probe x2  
  58  4:30  Pylon  
  58  4:32  Probe  
  58  4:33  Probe, Pylon  
  60  4:47  Nexus  
  60  4:51  Probe  
  63  4:53  Templar Archives  
  63  4:56  Immortal (Chrono Boost)  
  66  5:00  Sentry  
  66  5:02  Shield Battery  
  66  5:05  Stalker  
  69  5:07  Sentry  
  71  5:21  Robotics Bay  
  71  5:23  Probe  
  71  5:26  Probe  
  71  5:28  Immortal (Chrono Boost)  
  77  5:31  Pylon  
  77  5:32  Stalker  
  79  5:39  Probe x2  
  81  5:45  Forge, Pylon  
  81  5:51  Zealot, Sentry  
  81  5:52  Charge  
  85  5:57  Shield Battery  
  85  6:02  Observer (Chrono Boost)  
  85  6:03  Probe (Chrono Boost)  
  85  6:04  Probe x2 (Chrono Boost)  
  89  6:11  Colossus (Chrono Boost)  
  89  6:16  Probe x2 (Chrono Boost)  
  98  6:21  Probe (Chrono Boost)  
  98  6:25  Probe x2 (Chrono Boost)  
  100  6:29  Probe (Chrono Boost)  
  100  6:30  Protoss Ground Weapons Level 1 (Chrono Boost), Probe x2 (Chrono Boost)  
  103  6:35  Zealot x2  
  103  6:36  Extended Thermal Lance  
  103  6:38  Gateway  
  108  6:40  Probe  
  108  6:45  Probe  
  108  6:46  Probe  
  110  6:50  Dark Shrine, Gateway  
  110  6:51  Pylon  
  110  6:52  Probe  
  109  6:54  Pylon  
  109  7:00  Photon Cannon  
  109  7:01  Colossus (Chrono Boost)  
  115  7:09  Pylon  
  115  7:11  Photon Cannon  
  115  7:14  Zealot x3  
  119  7:18  Gateway  
  119  7:25  Gateway  
  119  7:27  Gateway  
  119  7:34  Nexus  
  119  7:36  Pylon  
  119  7:40  Probe x3  
  122  7:45  Stalker  
  122  7:46  Stalker x2  
  122  7:50  Colossus (Chrono Boost)  
  128  7:57  Photon Cannon, Shield Battery  
  132  8:09  Probe  
  132  8:10  Probe x2  
  132  8:11  Dark Templar x3  
  141  8:18  Gateway  
  141  8:19  Gateway  
  141  8:22  Protoss Ground Weapons Level 2 (Chrono Boost), Probe  
  141  8:23  Zealot x3  
  148  8:43  Immortal (Chrono Boost)  
  142  8:50  Zealot x3  
  142  8:51  Stalker, Zealot  
  150  9:03  Zealot, Dark Templar x2  
  150  9:06  Assimilator x2, Probe x4  
  150  9:08  Archon, Pylon  
  160  9:14  Warp Prism (Chrono Boost)  
  160  9:16  Stalker  
  162  9:27  Stalker x2  
  162  9:28  Zealot  
  166  9:34  Dark Templar  
  166  9:35  Zealot x2  
  166  9:37  Zealot x2  
  159  9:45  Stalker, Dark Templar  
  157  9:48  Immortal (Chrono Boost)  
  162  9:59  Stalker x3  
  166  10:00  Photon Cannon  
  166  10:02  Stalker  
  166  10:05  Pylon x2  
  166  10:06  Pylon  
  168  10:07  Pylon  
  168  10:08  Zealot x2  
  172  10:17  Pylon  
  172  10:25  Stalker x5, Zealot  
  172  10:26  Zealot x2, Immortal (Chrono Boost)  
  171  10:40  Zealot x2  
  175  10:48  Zealot x6  
  175  10:49  Zealot  
  185  10:57  Disruptor (Chrono Boost)  
  185  10:58  Robotics Facility  
  185  11:03  Zealot  
  189  11:04  Zealot x2  
  189  11:05  Archon  
  191  11:12  Zealot x3, Dark Templar  
  199  11:21  Photon Cannon x2  
  199  11:24  Dark Templar  
  195  11:31  Dark Templar  
  197  11:32  Zealot  
  190  11:50  Dark Templar  
  181  11:58  Pylon  
  181  12:00  Pylon x2  
  181  12:01  Pylon  
  180  12:03  Photon Cannon  
  180  12:08  Nexus, Pylon  
  174  12:25  Stalker x4  
Show
View Real Time Build Order
Export as new Build Order

TYTY Terran 

Build Orders:  

Get SALT Encoding   

  12  0:00  SCV  
  13  0:12  SCV  
  14  0:17  Supply Depot  
  14  0:24  SCV  
  15  0:38  SCV  
  15  0:39  Barracks  
  16  0:43  Refinery  
  16  0:50  SCV  
  17  1:03  SCV  
  18  1:15  SCV  
  19  1:26  Marine  
  19  1:27  Orbital Command  
  20  1:41  Command Center  
  20  1:45  Barracks Reactor  
  20  1:55  SCV  
  20  1:57  Supply Depot  
  21  2:06  Bunker  
  21  2:07  SCV  
  22  2:19  SCV  
  22  2:21  Reaper x2  
  25  2:24  Barracks  
  25  2:31  SCV  
  26  2:40  Barracks  
  26  2:43  SCV  
  26  2:53  Marine x2, Orbital Command  
  26  2:55  SCV  
  29  2:59  Orbital Command  
  29  3:07  SCV  
  29  3:10  Marine  
  29  3:11  Marine  
  32  3:13  Barracks Tech Lab  
  32  3:19  SCV  
  33  3:25  SCV  
  34  3:28  Marine x2, Barracks Tech Lab  
  34  3:32  SCV  
  37  3:38  SCV  
  37  3:39  Marine  
  37  3:40  Stimpack  
  38  3:44  SCV  
  38  3:46  Marine x2  
  38  3:47  Marine  
  42  3:49  Supply Depot  
  42  3:50  SCV  
  43  3:56  SCV  
  43  4:02  Marauder  
  46  4:05  Combat Shield  
  46  4:07  SCV  
  46  4:10  Marine x2, SCV  
  46  4:11  Marauder  
  46  4:12  Supply Depot  
  46  4:14  Refinery  
  51  4:19  SCV  
  51  4:23  Marauder  
  54  4:25  Refinery  
  54  4:26  Supply Depot  
  54  4:33  Marine x2  
  54  4:34  Marauder, SCV  
  54  4:36  Supply Depot  
  59  4:41  SCV  
  61  4:48  Marauder  
  61  4:51  Marine x2, SCV  
  61  4:52  Factory  
  65  4:55  Marauder  
  67  5:01  SCV  
  67  5:03  SCV  
  67  5:06  Engineering Bay  
  69  5:09  Marine x2  
  69  5:12  Supply Depot  
  69  5:13  SCV  
  72  5:20  Marauder, Marine  
  75  5:22  Bunker  
  75  5:27  Marauder  
  76  5:28  SCV x2  
  77  5:37  Factory Reactor  
  77  5:40  SCV  
  77  5:41  SCV, Terran Infantry Weapons Level 1, Starport  
  77  5:42  Supply Depot  
  78  5:46  Marauder, Marine x2  
  82  5:50  Concussive Shells  
  82  5:53  Supply Depot  
  82  5:54  Supply Depot  
  82  5:58  SCV  
  82  6:00  Marine  
  82  6:03  Marine  
  86  6:08  Missile Turret  
  82  6:13  Marauder, Marine  
  82  6:18  SCV x2  
  85  6:19  Marauder  
  85  6:25  Medivac x2  
  87  6:30  SCV  
  90  6:33  SCV  
  90  6:35  Marine x2  
  90  6:37  Missile Turret  
  93  6:42  SCV  
  93  6:45  SCV  
  94  6:52  Marine  
  94  6:53  Marauder x2, Marine, Factory Reactor, Command Center  
  100  6:54  SCV  
  100  6:56  Supply Depot  
  100  6:57  Medivac x2  
  105  7:05  SCV  
  105  7:06  SCV  
  105  7:07  Supply Depot  
  106  7:09  Barracks  
  106  7:10  Barracks  
  105  7:16  Marine x2  
  105  7:17  SCV  
  105  7:18  SCV  
  105  7:19  Supply Depot  
  105  7:20  Refinery  
  109  7:26  Marine  
  109  7:29  SCV, Medivac  
  113  7:30  SCV  
  113  7:31  Medivac  
  113  7:32  Widow Mine  
  113  7:35  Widow Mine, Terran Infantry Armor Level 1  
  120  7:37  Marine x2  
  120  7:42  SCV  
  120  7:43  SCV  
  124  7:44  Marine, Supply Depot  
  124  7:45  Supply Depot  
  125  7:54  Widow Mine  
  125  7:57  Marauder, Barracks Reactor, Barracks Tech Lab  
  125  7:58  Marine x2  
  129  8:00  SCV  
  129  8:05  Widow Mine  
  134  8:07  Medivac  
  134  8:11  Missile Turret  
  136  8:13  Armory  
  136  8:14  Engineering Bay  
  136  8:15  SCV x2  
  136  8:16  Marine x2  
  139  8:24  Marine  
  139  8:25  Orbital Command  
  143  8:27  Marauder x2  
  143  8:29  Widow Mine x2  
  143  8:30  Ghost Academy  
  147  8:38  Medivac  
  147  8:39  SCV x2  
  147  8:40  Marine x2  
  149  8:50  Missile Turret  
  149  8:51  Widow Mine x2, SCV x2  
  155  9:01  Terran Infantry Weapons Level 2  
  155  9:02  Supply Depot  
  155  9:03  Marine x3, Refinery  
  155  9:04  Marine  
  155  9:06  Marauder x2  
  155  9:07  Marauder  
  165  9:20  SCV  
  165  9:21  Supply Depot  
  165  9:22  Supply Depot  
  165  9:26  Widow Mine x2  
  148  9:45  Marine x2  
  148  9:46  Marauder x2  
  148  9:49  Widow Mine x2, Medivac x2  
  157  9:56  SCV x2  
  154  10:02  Ghost  
  154  10:03  Marine x3  
  154  10:04  Marine  
  154  10:06  Ghost, Marine, Barracks x2  
  163  10:09  Refinery  
  163  10:11  Command Center  
  163  10:13  Sensor Tower  
  163  10:15  Widow Mine x2  
  163  10:19  Medivac  
  163  10:21  Marine x2  
  163  10:36  Ghost  
  163  10:38  Marine x2  
  163  10:41  Widow Mine x2  
  155  10:50  Marauder x2, Marine x2  
  155  10:51  Viking  
  155  10:55  Marine  
  158  11:03  Marine  
  159  11:05  Marauder, Widow Mine x2  
  159  11:07  Marine  
  159  11:08  Marine  
  163  11:11  Marauder x2  
  163  11:18  Marine  
  162  11:25  Marine x2  
  157  11:27  Missile Turret, Marauder, Widow Mine  
  149  11:33  Marauder  
  149  11:34  Marine x3, Medivac x2  
  143  11:48  Marauder  
  143  11:50  Marine  
  136  11:56  Marauder  
  136  11:57  Marauder  
  117  12:10  Marauder  
  117  12:15  Medivac  
  104  12:23  Marauder  
  104  12:29  Marine x2  
Tags
 
Add a new tag
Caveats
  • Supply blocks, unpowered buildings, or Contaminate may cause inaccurate times.
  • Supply counts are checked every 10 seconds.